 Dungeon Crawl Stone Soup version 0.25.1-2-g60ff931df9 (webtiles) character file.

Game seed: 8014130186489956910

5630 itay1500 the Thrower (level 10, 0/86 HPs)
             Began as a Centaur Hunter on Nov 13, 2020.
             Was a Believer of Okawaru.
             Slain by a spiny frog (15 damage)
             ... on level 9 of the Dungeon on Nov 14, 2020.
             The game lasted 01:53:19 (18569 turns).

itay1500 the Thrower (Centaur Hunter)              Turns: 18569, Time: 01:53:20

Health: 0/86       AC: 12    Str: 15    XL:     10   Next: 46%
Magic:  10/10      EV: 10    Int: 10    God:    Okawaru [**....]
Gold:   249        SH:  0    Dex: 13    Spells: 9/9 levels left

rFire    + + +     SeeInvis +   a - +1 shortbow
rCold    . . .     Gourm    .   (shield currently unavailable)
rNeg     . . .     Faith    .   M - +0 ring mail {rF+}
rPois    +         Spirit   .   b - +0 helmet
rElec    .         Reflect  .   B - +2 cloak
rCorr    .         Harm     .   (no gloves)
MR       .....                  (no barding)
Stlth    +.........             (no amulet)
HPRegen  0.24/turn              V - ring "Yryedudi" {rPois rF++ SInv}
MPRegen  0.12/turn              (no ring)

@: very quick
A: large, claws 1, hooves 3, molten scales 1, deformed body, speed 2, tough skin
3
a: Heroism, Renounce Religion


You were on level 9 of the Dungeon.
You worshipped Okawaru.
Okawaru was pleased with you.
You were hungry.

You visited 3 branches of the dungeon, and saw 11 of its levels.
You also visited: Ossuary.

You collected 361 gold pieces.
You spent 112 gold pieces at shops.

Inventory:

Hand Weapons
 a - a +1 shortbow (weapon)
 v - a +4 hunting sling of flaming
 Q - a +3 halberd
 R - a +0 spear
Missiles
 d - 97 arrows (quivered)
 h - 140 bolts
 k - 148 stones
 l - 8 datura-tipped darts
 q - 75 poisoned darts
 u - 6 curare-tipped darts
 w - 2 throwing nets
 F - 9 sling bullets
Armour
 b - a +0 helmet (worn)
 g - a +0 ring mail
 B - a +2 cloak (worn)
 M - a +0 ring mail of fire resistance (worn)
 U - a +0 leather armour
Jewellery
 V - the ring "Yryedudi" (left claw) {rPois rF++ SInv}
   (You found it on level 9 of the Dungeon)

   [ring of see invisible]

   It greatly protects you from fire.
   It protects you from poison.
   It lets you see invisible.
 X - an uncursed ring of resist corrosion
 Y - an uncursed ring of poison resistance
Wands
 r - a wand of acid (8)
 s - a wand of flame (23)
 D - a wand of polymorph (8)
Scrolls
 e - 4 scrolls of enchant armour
 i - 7 scrolls of remove curse
 j - 5 scrolls of enchant weapon
 m - 2 scrolls of fear
 n - a scroll of blinking {unknown}
 o - 5 scrolls of noise
 y - a scroll of brand weapon
 C - a scroll of amnesia
 H - a scroll of silence {unknown}
 L - 3 scrolls of immolation
 O - 2 scrolls of teleportation
 P - 2 scrolls of random uselessness
 S - 2 scrolls of identify
Potions
 c - 2 potions of stabbing {unknown}
 p - 3 potions of haste
 t - a potion of heal wounds {unknown}
 x - 3 potions of magic
 z - a potion of might
 A - a potion of berserk rage {unknown}
 E - 2 potions of brilliance {unknown}
 G - a potion of lignification {unknown}
 I - a potion of degeneration {unknown}
 J - a potion of mutation
 K - a potion of resistance {unknown}
 T - 3 potions of curing
Comestibles
 f - 6 rations
 N - 4 chunks of flesh


   Skills:
 + Level 7.3 Fighting
 - Level 1.1 Polearms
 + Level 9.0 Bows
 - Level 9.8 Throwing
 + Level 3.5 Armour
 + Level 3.6 Dodging
 - Level 1.6 Stealth
   Level 3.8 Shields


You had 9 spell levels left.
You didn't know any spells.
Your spell library contained the following spells:

 Spells                   Type           Power        Failure   Level  Hunger
 Animate Skeleton         Necr           N/A          58%         1    ##.....
 Apportation              Tloc           #.....       58%         1    ##.....
 Corona                   Hex            #......      58%         1    ##.....
 Infusion                 Chrm           #...         58%         1    ##.....
 Summon Small Mammal      Summ           #...         58%         1    ##.....
 Shroud of Golubria       Chrm/Tloc      #.....       73%         2    ###....
 Song of Slaying          Chrm           #.......     73%         2    ###....
 Ozocubu's Armour         Chrm/Ice       #.......     91%         3    ####...
 Spectral Weapon          Hex/Chrm       #.......     91%         3    ####...


Dungeon Overview and Level Annotations

Branches:
Dungeon (9/15)             Temple (1/1) D:7            Lair (1/6) D:9
Ossuary (visited)
    Orc: D:9-12

Altars:
Ashenzari
Cheibriados
Dithmenos
Elyvilon
Fedhas
Gozag
Hepliaklqana
Kikubaaqudgha
Makhleb
Nemelex Xobeh
Okawaru
Qazlal
Ru
Sif Muna
Trog
Uskayaw
Vehumet
Wu Jian
Xom
Yredelemnul
Zin
The Shining One

Shops:
D:4 (   D:6 *

Annotations:
D:6 Duvessa


Innate Abilities, Weirdness & Mutations

You have hooves in place of feet.
Armour fits poorly on your strangely shaped body.
You cover ground very quickly.
You have extremely tough skin. (AC +3)
You have sharp fingernails.
You are partially covered in molten scales. (AC +2)


Message History

You shoot an arrow. The arrow barely misses the bullfrog.
You feel sick. The bullfrog barely misses you. The spiny frog stings you!
You are more poisoned.
The spiny frog poisons you!
You can't go down here!
Unknown command.
* * * LOW HITPOINT WARNING * * *
You feel very sick.
The bullfrog hits you but does no damage.
The spiny frog barely misses you. The bullfrog hits you.
* * * LOW HITPOINT WARNING * * *
You climb upwards.
Welcome back to the Dungeon!
* * * LOW HITPOINT WARNING * * *
You feel very sick.
There is a staircase to the Lair here.
You feel better. The spiny frog stings you!
* * * LOW HITPOINT WARNING * * *
The bullfrog hits you but does no damage.
The spiny frog stings you!
You die...

≈#.(.#≈..##..#.# #. #.#
≈#####≈..##..#.###.###.#
≈≈≈≈≈≈≈...#............#
..........##.#.###.....#
#.#.####..##.#.######.##
#....###.....#......#.#
###.......).....###.#.#
###............F>F....#
...[...[........@##.###
####.....####.#...#.#
####.....# #.#...#.#
.....#...####'##..#.#
.###.##..#..........# .#
#.##.>#.......#### .#
#.#####.......# .# #.#
#.......# .# #.#
#.......#


You could see a spiny frog and a bullfrog.

Vanquished Creatures
  A two-headed ogre (D:8)
  2 trolls (D:8)
  Sigmund (D:2)
  5 yaks (D:9)
  A water moccasin (D:6)
  A phantom (D:6)
  2 sky beasts (D:7)
  A necrophage (D:6)
  4 ogres
  2 centaurs
  A big kobold (D:8)
  6 elf zombies (Ossuary)
  A gnoll sergeant (D:8)
  5 bullfrogs
  A wyvern skeleton (D:6)
  Dowan (D:7)
  2 scorpions
  5 killer bees (D:9)
  A howler monkey (D:8)
  A crimson imp (D:5)
  2 centaur zombies (Ossuary)
  2 quasits (D:8)
  A bullfrog skeleton (D:5)
  3 hounds
  A gnoll shaman (D:5)
  4 human zombies (Ossuary)
  3 jellies
  3 orc priests
  6 orc wizards
  5 worker ants
  3 iguanas
  3 mummies (Ossuary)
  A worker ant zombie (D:8)
  16 gnolls
  13 adders
  A shadow imp (D:6)
  An ooze (D:3)
  An adder skeleton (D:8)
  3 worms
  3 dart slugs
  24 orcs
  9 bats
  7 giant cockroaches
  6 hobgoblins
  5 jackals
  4 quokkas
  2 ball pythons
  5 frilled lizards
  9 goblins
  9 kobolds
  A leopard gecko skeleton (D:4)
  4 rats
204 creatures vanquished.

Notes
Turn   | Place    | Note
-------+----------+-------------------------------------------
     0 | D:1      | itay1500 the Centaur Hunter began the quest for the Orb.
     0 | D:1      | Reached XP level 1. HP: 17/17 MP: 1/1
   245 | D:1      | Reached XP level 2. HP: 24/24 MP: 2/2
  1056 | D:2      | Found a sacrificial altar of Ru.
  1075 | D:2      | Reached XP level 3. HP: 21/29 MP: 3/3
  1616 | D:2      | Noticed Sigmund
  1852 | D:2      | Reached XP level 4. HP: 36/36 MP: 4/4
  2852 | D:3      | Reached skill level 1 in Throwing
  2852 | D:3      | Reached skill level 1 in Armour
  2852 | D:3      | Reached XP level 5. HP: 42/42 MP: 5/5
  3610 | D:3      | Found a snail-covered altar of Cheibriados.
  3762 | D:3      | Reached skill level 1 in Polearms
  3762 | D:3      | Reached XP level 6. HP: 19/50 MP: 6/6
  5465 | D:4      | Found Nokheoj's Antique Weapon Emporium.
  5477 | D:4      | Bought a glowing hunting sling for 112 gold pieces
  6173 | D:4      | Reached XP level 7. HP: 54/57 MP: 7/7
  6466 | D:5      | Entered Level 5 of the Dungeon
  7010 | D:5      | Found a sand-covered staircase.
  7016 | Ossuary  | Entered an ossuary
  7477 | Ossuary  | Reached XP level 8. HP: 39/66 MP: 8/8
  8357 | D:5      | Found a burning altar of Makhleb.
  9137 | D:5      | Found a burning altar of Makhleb.
  9717 | D:6      | Reached skill level 5 in Throwing
 10081 | D:6      | Found a burning altar of Makhleb.
 10081 | D:6      | Noticed a green death
 10770 | D:6      | Reached skill level 5 in Fighting
 10770 | D:6      | Reached skill level 1 in Shields
 10910 | D:6      | Found Ozi Osu's Elemental Accessories.
 11153 | D:6      | Reached XP level 9. HP: 74/74 MP: 9/9
 11556 | D:2      | Killed Sigmund
 12039 | D:7      | Noticed Dowan
 12040 | D:7      | Noticed Duvessa
 12357 | D:7      | Killed Dowan
 12373 | D:6      | HP: 1/74 [something (4)]
 13666 | D:7      | Found a glowing golden altar of the Shining One.
 13669 | D:7      | Found an opulent altar of Gozag.
 13683 | D:7      | Found a glowing silver altar of Zin.
 13699 | D:7      | Found a sparkling altar of Nemelex Xobeh.
 13921 | D:7      | Found a staircase to the Ecumenical Temple.
 13944 | Temple   | Entered the Ecumenical Temple
 14003 | Temple   | Became a worshipper of Warmaster Okawaru
 14327 | D:7      | Gained mutation: You are partially covered in molten
                  | scales. (AC +2) [potion of mutation]
 14327 | D:7      | Gained mutation: You have sharp fingernails. [potion of
                  | mutation]
 14590 | D:8      | Reached skill level 1 in Stealth
 15474 | D:9      | Noticed a troll
 15482 | D:9      | Noticed a troll
 15847 | D:9      | Got a steaming lead ring
 15946 | D:8      | Killed a troll
 15946 | D:8      | Reached * piety under Okawaru
 16319 | D:8      | Killed a troll
 16319 | D:8      | Reached XP level 10. HP: 84/84 MP: 10/10
 16449 | D:9      | Found a shadowy altar of Dithmenos.
 16716 | D:9      | Noticed a two-headed ogre
 17046 | D:8      | Killed a two-headed ogre
 17046 | D:8      | Reached ** piety under Okawaru
 17492 | D:9      | Found a staircase to the Lair.
 17710 | Lair:1   | Entered Level 1 of the Lair of Beasts
 17775 | D:9      | Identified the ring "Yryedudi" {rPois rF++ SInv} (You found
                  | it on level 9 of the Dungeon)
 18516 | Lair:1   | Noticed a spiny frog
 18569 | D:9      | Slain by a spiny frog

Illustrated notes

Levels and vault maps discovered:
D:1:      lordsloth_arrival_two_stooges, layout_basic
D:2:      layout_loops_cross, nicolae_ru_great_annihilating_truth, uniq_sigmund
D:3:      minmay_diamond_boxcup, layout_loops_corners, cheibriados_altar_1,
          first_ration, st_stairs_9
D:4:      layout_gridville, serial_shops, shop
D:5:      layout_rooms, nicolae_overflow_hidden_temple,
          lightli_ossuary_entry_decrepit_ruins, basic_altar
D:6:      layout_gridville, nicolae_elemental_shop, makhleb_altar_promises_db
D:7:      layout_rooms, grunt_temple_overflow_cloverleaf, temple_hall,
          uniq_duvessa
D:8:      layout_cave_pools
D:9:      layout_basic, lair_entry_dummy, david_orc_4, enter_bailey_3,
          grunt_livestock, grunt_dithmenos_smoke_and_mirrors
Temple:   nicolae_temple_x_marks_the_god
Lair:1:   layout_regular_city, ebering_ghost_xom

Skill      XL: |  1  2  3  4  5  6  7  8  9 10 |
---------------+-------------------------------+-----
Bows           | 6 7 8 9 |  9.0
Throwing       | 1 3 6 8 9 |  9.8
Armour         | 1 2 3 |  3.5
Polearms       | 1 |  1.1
Dodging        | 2 3 |  3.6
Fighting       | 3 4 5 6 7 |  7.3
Shields        | 1 3 |  3.8
Stealth        | 1 |  1.6

Action                   |  1- 3 |  4- 6 |  7- 9 | 10-12 || total
-------------------------+-------+-------+-------+-------++-------
Melee: Short sword       |       |     8 |       |       ||     8
       Halberd           |       |    72 |    32 |       ||   104
       Kick              |       |     9 |     6 |       ||    15
       Shortbow          |       |     1 |       |       ||     1
 Fire: Shortbow          |    55 |    86 |       |    41 ||   182
       Hunting sling     |       |    29 |   643 |   106 ||   778
Throw: Stone             |    11 |    25 |       |       ||    36
       Dart              |       |    13 |     1 |       ||    14
Evoke: Wand              |       |       |     1 |       ||     1
  Use: Scroll            |     1 |     4 |     9 |       ||    14
       Potion            |       |     1 |     4 |     1 ||     6
  Eat: Chunk             |     1 |     8 |     7 |     3 ||    19
       Ration            |       |     1 |     5 |     1 ||     7
Armor: Leather armour    |    21 |       |       |       ||    21
       Ring mail         |       |    70 |   127 |    37 ||   234
       Chain mail        |       |       |    13 |       ||    13
       Skin              |       |       |     1 |       ||     1
Dodge: Dodged            |    24 |    99 |    88 |    41 ||   252
Block: Kite shield       |       |       |    50 |    28 ||    78
